 Dungeon Crawl Stone Soup version 0.19-a0-1608-g4cf22de (webtiles) character file.

3413 Charly the Prestidigitator (level 9, -2/39 HPs)
             Began as a Spriggan Enchanter on Sept 17, 2016.
             Was a Believer of Nemelex Xobeh.
             Impaled on a porcupine's spines (9 damage)
             ... on level 11 of the Dungeon.
             The game lasted 00:42:16 (2760 turns).

Charly the Prestidigitator (Spriggan Enchanter)     Turns: 2760, Time: 00:42:17

Health: -2/39      AC:  3    Str:  2    XL:     9   Next: 76%
Magic:  10/18      EV: 18    Int: 20    God:    Nemelex Xobeh [**....]
Gold:   173        SH:  0    Dex: 16    Spells: 4 memorised, 9 levels left

rFire  + . .     SeeInvis +     a - +2 dagger (venom)
rCold  . . .     Gourm    .     j - +1 robe
rNeg   . . .     Faith    +     (shield restricted)
rPois  +         Spirit   .     (helmet restricted)
rElec  .         Dismiss  .     (no cloak)
rCorr  .         Reflect  .     (gloves unavailable)
MR     +....     Harm     .     (boots unavailable)
Stlth  +++++.....               H - amulet of Vefury {Faith +Inv rF+ Dex-2}
                                h - +2 ring of intelligence
                                p - ring of poison resistance

@: very slightly contaminated, invisible (expiring), very quick
A: unfitting armour, see invisible, herbivore 3, speed 3, slow metabolism 2,
weak 1
a: Renounce Religion, Turn Visible


You were on level 11 of the Dungeon.
You worshipped Nemelex Xobeh.
Nemelex Xobeh was pleased with you.
You were not hungry.

You visited 2 branches of the dungeon, and saw 12 of its levels.

You collected 329 gold pieces.
You spent 156 gold pieces at shops.

Inventory:

Hand Weapons
 a - a +2 dagger of venom (weapon)
 x - a +2 whip of electrocution
Missiles
 G - a throwing net (quivered)
Armour
 j - a +1 robe (worn)
Rods
 b - a +1 rod of ignition (3/14)
   (You found it on level 5 of the Dungeon)
Jewellery
 h - a +2 ring of intelligence (right hand)
 n - an uncursed ring of positive energy
 p - a ring of poison resistance (left hand)
 H - the amulet of Vefury (around neck) {Faith +Inv rF+ Dex-2}
   (You found it on level 9 of the Dungeon)

   [amulet of faith]

   It allows you to gain divine favour quickly.
   It affects your dexterity (-2).
   It protects you from fire.
   It lets you turn invisible.
 J - the amulet "Woz Atoz" {RegenMP MR+ Dex-2 SInv, unknown}
   (You found it on level 10 of the Dungeon)

   [amulet of magic regeneration]

   It increases your magic regeneration.
   It affects your dexterity (-2).
   It affects your resistance to hostile enchantments.
   It lets you see invisible.
 K - the ring of the Princeling {+Fly rPois Int+3 Stlth-}
   (You found it on level 10 of the Dungeon)

   [ring of flight]

   It affects your intelligence (+3).
   It protects you from poison.
   It lets you fly.
   It makes you less stealthy.
Wands
 c - a wand of digging (18/24)
 m - a wand of confusion (5/48)
 t - a wand of confusion (39/48)
 w - a wand of teleportation (6/9)
 y - a wand of lightning (2/15)
 F - a wand of random effects (28/48)
Scrolls
 e - 5 scrolls of remove curse
 f - a scroll of immolation {unknown}
 k - a scroll of blinking {unknown}
 l - 2 scrolls of random uselessness {unknown}
 q - a scroll of amnesia {unknown}
 r - 5 scrolls of teleportation
 u - a scroll of recharging {unknown}
 v - a scroll of magic mapping {unknown}
Potions
 g - 2 potions of magic
 i - 2 potions of agility
 o - 2 potions of curing {unknown}
 s - a potion of brilliance {unknown}
 z - a potion of lignification {unknown}
 A - 5 potions of haste
 E - a potion of might {unknown}
 I - a potion of berserk rage {unknown}
Books
 B - a book of Battle

   Spells                             Type                      Level
   a - Infusion                       Charms                       1
   b - Shroud of Golubria             Charms/Translocation         2
   c - Song of Slaying                Charms                       2
   d - Spectral Weapon                Hexes/Charms                 3
   e - Regeneration                   Charms/Necromancy            3
 C - a book of Summonings

   Spells                             Type                      Level
   a - Recall                         Summoning/Translocation      3
   b - Aura of Abjuration             Summoning                    5
   c - Summon Demon                   Summoning                    5
   d - Summon Forest                  Summoning/Translocation      5
   e - Summon Mana Viper              Hexes/Summoning              5
   f - Shadow Creatures               Summoning                    6
 D - a book of Frost

   Spells                             Type                      Level
   a - Freeze                         Ice                          1
   b - Throw Frost                    Conjuration/Ice              2
   c - Ozocubu's Armour               Charms/Ice                   3
   d - Throw Icicle                   Conjuration/Ice              4
   e - Summon Ice Beast               Ice/Summoning                4
Comestibles
 d - 6 bread rations


   Skills:
 - Level 1.1 Short Blades
 - Level 3.0 Dodging
 - Level 10.7 Stealth
 - Level 5.0 Spellcasting
 - Level 8.7 Hexes
 - Level 4.6 Invocations
 + Level 11.0 Evocations


You had 9 spell levels left.
You knew the following spells:

 Your Spells              Type           Power        Failure   Level  Hunger
a - Corona                Hex            #####..      1%          1    None
c - Confuse               Hex            #####...     1%          3    ##.....
h - Ensorcelled Hibernat  Hex/Ice        ###...       2%          2    None
s - Dazzling Spray        Conj/Hex       ###...       8%          3    ##.....


Dungeon Overview and Level Annotations

Branches:
Dungeon (11/15)            Temple (1/1) D:5            Lair (0/6) D:11
    Orc: D:9-12

Altars:
Ashenzari
Cheibriados
Dithmenos
Elyvilon
Fedhas
Gozag
Kikubaaqudgha
Nemelex Xobeh
Okawaru
Qazlal
Ru
Uskayaw
Vehumet
Xom
Yredelemnul
Zin

Shops:
D:8 *

Annotations:
D:10 jacquesderrida's ghost, novice VSSk


Innate Abilities, Weirdness & Mutations

You are tiny and cannot use many weapons and most armour.
You have supernaturally acute eyesight. (SInv)
You are a herbivore.
You cover ground extremely quickly.
You need consume almost no food.
You are weak. (Str -2)


Message History

The yak completely misses you.
Something bites the bush but does no damage.
The porcupine bites you!
You closely miss the yak.
The yak is almost dead.
The porcupine closely misses you.
Something bites the bush but does no damage.
Unknown command.
You hit the river rat.
The river rat is poisoned.
The river rat is lightly wounded.
The river rat misses you. The porcupine closely misses you.
Unknown command.
You hit the porcupine but do no damage.
The porcupine is poisoned.
Something bites the bush but does no damage.
The river rat misses you. The porcupine bites you!
* * * LOW HITPOINT WARNING * * *
Unknown command.
You are struck by the porcupine's spines.
You die...
Your body disappears without a glow.

...rtP.r...r...#
#..P.....rr...#
#..#.....†P..#
#..# ♣..Y#
########## #.Y#
##Y## .......<.#
##..# #.#
########.#
#...######.#
#.#####...r......#
#.......r@########
###########


You could see a yak (wandering), a porcupine and a river rat.

Vanquished Creatures
  Pikel (D:9)
  Joseph (D:10)
  A troll (D:10)
  A wraith (D:10)
  4 yaks (D:11)
  3 orc warriors
  4 ogres
  A slave (D:9)
  A centaur (D:9)
  A crocodile (D:11)
  3 bullfrogs
  2 big kobolds
  3 crimson imps
  2 hounds
  A jelly (D:10)
  3 orc priests
  6 orc wizards
  An iguana (D:9)
  A worker ant (D:7)
  A worker ant zombie (D:7)
  7 adders
  A river rat (D:11)
  A shadow imp (D:8)
  An ooze (D:6)
  An adder zombie (D:9)
  20 orcs
  2 bats (D:2)
  2 giant cockroaches
  4 goblins
  2 hobgoblins
  3 jackals (D:3)
  3 quokkas
  2 frilled lizards
  A jackal skeleton (D:7)
  5 kobolds
  8 rats
104 creatures vanquished.

Vanquished Creatures (others)
  An ice beast (D:9)
  A kobold (D:10)
2 creatures vanquished.

Grand Total: 106 creatures vanquished

Notes
Turn   | Place    | Note
-------+----------+-------------------------------------------
     0 | D:1      | Charly the Spriggan Enchanter began the quest for the Orb.
     0 | D:1      | Reached XP level 1. HP: 9/9 MP: 5/5
   147 | D:2      | Reached XP level 2. HP: 13/13 MP: 4/6
   151 | D:2      | Learned a level 2 spell: Ensorcelled Hibernation
   218 | D:3      | rP
   363 | D:4      | Found an iron altar of Okawaru.
   374 | D:3      | Reached skill level 5 in Stealth
   401 | D:4      | Found a shimmering altar of Xom.
   493 | D:5      | Entered Level 5 of the Dungeon
   545 | D:5      | Reached XP level 3. HP: 9/16 MP: 2/8
   555 | D:5      | Learned a level 3 spell: Confuse
   576 | D:5      | Identified a +1 rod of ignition (14/14) (You found it on level 5 of the Dungeon)
   577 | D:5      | rod
   798 | D:6      | Noticed a bullfrog
   804 | D:6      | Killed a bullfrog
   804 | D:6      | Reached skill level 5 in Hexes
   804 | D:6      | Reached XP level 4. HP: 12/21 MP: 6/9
   853 | D:6      | Noticed a bullfrog
   860 | D:6      | Killed a bullfrog
   860 | D:6      | Reached XP level 5. HP: 17/24 MP: 10/10
   870 | D:5      | Noticed an ogre
   931 | D:5      | Killed an ogre
   931 | D:5      | Reached XP level 6. HP: 24/28 MP: 0/11
  1039 | D:5      | Found a staircase to the Ecumenical Temple.
  1048 | Temple   | Entered the Ecumenical Temple
  1105 | Temple   | Became a worshipper of Nemelex Xobeh the Trickster
  1167 | D:6      | Found a shattered altar of Ashenzari.
  1189 | D:7      | Noticed an orc warrior
  1210 | D:7      | Killed an orc warrior
  1210 | D:7      | Reached skill level 1 in Invocations
  1260 | D:7      | Received a gift from Nemelex Xobeh
  1263 | D:7      | Noticed Joseph
  1284 | D:7      | Noticed an orc warrior
  1297 | D:7      | Killed an orc warrior
  1297 | D:7      | Reached XP level 7. HP: 29/32 MP: 4/13
  1327 | D:8      | Found Vego's Assorted Antiques.
  1335 | D:8      | Bought a scratched emerald ring for 130 gold pieces
  1335 | D:8      | Bought a scroll labeled CENOSY EKLEWA for 26 gold pieces
  1354 | D:9      | Noticed Pikel
  1361 | D:9      | Killed Pikel
  1361 | D:9      | Reached XP level 8. HP: 16/36 MP: 7/15
  1428 | D:8      | Learned a level 3 spell: Dazzling Spray
  1542 | D:8      | Reached skill level 10 in Stealth
  1890 | D:7      | Reached * piety under Nemelex Xobeh
  2058 | D:10     | Entered Level 10 of the Dungeon
  2082 | D:9      | Reached skill level 5 in Spellcasting
  2135 | D:9      | Got a shimmering bronze amulet
  2136 | D:9      | Identified the amulet of Vefury {Faith +Inv rF+ Dex-2} (You found it on level 9 of the Dungeon)
  2174 | D:9      | Reached skill level 1 in Evocations
  2181 | D:9      | Reached skill level 3 in Evocations
  2317 | D:10     | Reached skill level 4 in Evocations
  2395 | D:9      | Reached skill level 5 in Evocations
  2521 | D:10     | Killed Joseph
  2521 | D:10     | Reached skill level 6 in Evocations
  2521 | D:10     | Reached XP level 9. HP: 39/39 MP: 15/17
  2554 | D:10     | Noticed jacquesderrida's ghost (novice VSSk)
  2578 | D:10     | Reached skill level 7 in Evocations
  2597 | D:10     | Noticed a troll
  2610 | D:10     | Killed a troll
  2610 | D:10     | Reached skill level 8 in Evocations
  2644 | D:10     | Reached skill level 9 in Evocations
  2676 | D:10     | Got a faintly glowing ivory amulet
  2682 | D:10     | Got a smoking ivory ring
  2684 | D:10     | Identified the ring of the Princeling {+Fly rPois Int+3 Stlth-} (You found it on level 10 of the Dungeon)
  2709 | D:11     | Found a staircase to the Lair.
  2723 | D:11     | Reached ** piety under Nemelex Xobeh
  2733 | D:11     | Reached skill level 10 in Evocations
  2746 | D:11     | Gained mutation: You are weak. (Str -2) [mutagenic glow]
  2753 | D:11     | Reached skill level 11 in Evocations
  2760 | D:11     | Impaled on a porcupine's spines

Vault maps used:
D:1:      dpeg_arrival_simpleton_a, minmay_quantized
D:2:      roderic_lattice_a, uniq_terence
D:3:      gammafunk_temple_overflow_claw, led_sif_pool
D:4:      kennysheep_mini_moat, lemuel_coloured_pillars_altar,
          lemuel_crystal_altar
D:5:      first_bread, kennysheep_generic_room_8
D:6:      kennysheep_mini, grunt_ministairs_11
D:7:      uniq_joseph
D:8:      serial_shops, nicolae_shop_waterfront
D:9:      uniq_pikel
D:10:     basic_altar
D:11:     minmay_lair_entry_grove, zombieorc2_lemuel, serial_shops,
          nicolae_shop_crystal, hangedman_little_slice_of_home
Temple:   dshaligram_water_room_temple

Skill      XL: |  1  2  3  4  5  6  7  8  9 |
---------------+----------------------------+-----
Hexes          | 4 5 6 7 8 |  8.7
Stealth        | 5 6 7 8 9 10 | 10.7
Spellcasting   | 3 4 5 |  5.0
Invocations    | 1 3 4 |  4.6
Evocations     | 6 11 | 11.0
Short Blades   | |  1.1
Dodging        | |  3.0

Action                   |  1- 3 |  4- 6 |  7- 9 || total
-------------------------+-------+-------+-------++-------
Melee: Dagger            |    89 |    18 |   123 ||   230
 Cast: Corona            |     4 |       |       ||     4
       Ensorcelled Hiber |    14 |    11 |    16 ||    41
       Confuse           |       |     4 |    23 ||    27
       Dazzling Spray    |       |       |     1 ||     1
 Abil: Evoke Invisibilit |       |       |     4 ||     4
Evoke: Rod               |       |     3 |     6 ||     9
       Wand              |       |     3 |     8 ||    11
       Deck              |       |     1 |     4 ||     5
  Use: Scroll            |     4 |       |     3 ||     7
 Stab: Sleeping          |    16 |     8 |    18 ||    42
       Confused          |       |     3 |     7 ||    10
       Distracted        |       |     1 |       ||     1
       Invisible         |       |       |     9 ||     9
  Eat: Fruit             |     3 |       |     2 ||     5
       Pizza             |     1 |       |       ||     1
       Bread ration      |       |       |     1 ||     1
Armor: Robe              |    11 |     1 |     6 ||    18
Dodge: Dodged            |    71 |     5 |    67 ||   143
